 Dungeon Crawl Stone Soup version 0.31-a0-818-ge7c7cf74f0 (webtiles) character file.

Game seed: 14981313684354174507

994 Kurtz the Cleaver (level 8, 0/54 HPs)
             Began as an Octopode Fighter on Sept 23, 2023.
             Slain by an ice beast (13 damage)
             ... on level 6 of the Dungeon.
             The game lasted 00:04:37 (5390 turns).

Kurtz the Cleaver (Octopode Fighter)                Turns: 5390, Time: 00:04:38

Health: 0/54       AC:  1    Str: 15    XL:     8   Next: 19%
Magic:  8/8        EV: 14    Int: 11    God:
Gold:   196        SH:  4    Dex: 13    Spells: 7/7 levels left

rFire   . . .        a - +0 war axe
rCold   . . .        b - +0 buckler
rNeg    . . .        (helmet restricted)
rPois   .            (no amulet)
rElec   .            (no ring)
rCorr   .            (no ring)
SInv    .            (no ring)
Will    .....        (no ring)
Stlth   +++          (no ring)
HPRegen 0.29/turn    (no ring)
MPRegen 0.11/turn    (no ring)
                     (no ring)

%: no passive effects
@: no status effects
A: almost no armour, amphibious, 8 rings, camouflage 1, gelatinous body 1,
nimble swimmer 1, tentacles
a: no special abilities


You were on level 6 of the Dungeon.
You visited 1 branch of the dungeon, and saw 6 of its levels.

You collected 196 gold pieces.

Inventory:

Hand Weapons
 a - a +0 war axe (weapon)
Missiles
 q - 7 poisoned darts (quivered)
Armour
 b - a +0 buckler (worn)
Jewellery
 e - a ring of fire
Wands
 h - a wand of charming (5)
 l - a wand of flame (17)
Scrolls
 d - 8 scrolls of identify {unknown}
 f - a scroll of summoning {unknown}
 j - 2 scrolls of poison {unknown}
 k - 2 scrolls of teleportation {unknown}
 m - a scroll of enchant weapon {unknown}
 n - a scroll of fog {unknown}
Potions
 c - 2 potions of might
 g - a potion of mutation {unknown}
 i - 2 potions of enlightenment
 o - a potion of lignification {unknown}
 p - a potion of cancellation {unknown}
 r - a potion of berserk rage {unknown}
 s - a potion of resistance {unknown}
 t - 2 potions of heal wounds {unknown}
 u - a potion of magic {unknown}


   Skills:
 * Level 3.9 Fighting
 * Level 8.6 Axes
 * Level 4.2 Dodging
 - Level 3.0 Shields


You had 7 spell levels left.
You didn't know any spells.
Your spell library contained the following spells:

 Spells                   Type           Power      Damage    Failure   Level
 Summon Small Mammal      Summ           0%         N/A       43%         1
 Call Canine Familiar     Summ           0%         N/A       80%         3
 Summon Guardian Golem    Hex/Summ       0%         N/A       80%         3


Dungeon Overview and Level Annotations

Branches:
Dungeon (6/15)
 Temple: D:4-7

Altars:
Fedhas
Xom

Shops:
D:5 (


Innate Abilities, Weirdness & Mutations

You cannot wear most types of armour.
You are amphibious.
You can wear up to eight rings at the same time.
Your skin changes colour to match your surroundings (Stealth+).
Your rubbery body absorbs attacks. (AC +1, EV +1)
You are camouflaged when in or above water. (Stealth+)
You have tentacles for arms and can constrict up to eight enemies at once.


Message History

You constrict the fungus. You hit the fungus.
The fungus is lightly damaged.
You constrict the fungus. You hit the fungus.
The fungus is lightly damaged.
You constrict the fungus.
A nearby fungus withers and dies.
You lose your grip on the fungus.
You now have 196 gold pieces (gained 28).
There is an open door here.
You enter the deep water.
An ice beast comes into view.
You hit the ice beast.
The ice beast is lightly wounded.
The ice beast closely misses you.
You hit the ice beast.
The ice beast is lightly wounded.
The ice beast hits you. The ice beast freezes you! The ice beast misses you.
You hit the ice beast but do no damage.
The ice beast is lightly wounded.
The ice beast hits you. The ice beast freezes you!
You barely miss the ice beast. You squeeze the ice beast!
The ice beast is heavily wounded.
You block the ice beast's attack.
You hit the ice beast.
The ice beast is heavily wounded.
The ice beast hits you. The ice beast freezes you!
* * * LOW HITPOINT WARNING * * *
You closely miss the ice beast.
The ice beast is heavily wounded.
The ice beast misses you.
You closely miss the ice beast. Your squeeze misses the ice beast.
The ice beast is heavily wounded.
The ice beast completely misses you.
You hit the ice beast.
The ice beast is severely wounded.
The ice beast hits you.
* * * LOW HITPOINT WARNING * * *
The ice beast freezes you!
You die...

.........## ..........#
. ..........## ..
..≈≈≈≈≈≈≈≈.### ...
.≈≈≈≈≈≈≈≈≈≈..#
....≈≈###≈≈###≈≈.#######
....≈≈ #≈≈#.'≈≈........
....≈≈###≈≈###≈≈....####
#≈≈≈@≈≈≈≈≈≈≈≈#...#
#≈≈Y≈≈≈≈≈≈≈≈≈....# #
#≈≈###≈≈###≈≈#...#
...≈≈#.#≈≈#)'≈≈#...#
###≈≈#'#≈≈###≈≈#####
##≈≈≈≈≈≈≈≈≈≈##
##≈≈≈≈≈≈≈≈## ##########


You could see an ice beast.

Vanquished Creatures
  Sigmund (D:4)
  A black bear (D:6)
  An ogre (D:5)
  3 centaurs (D:5)
  2 scorpions (D:5)
  An electric eel (D:6)
  A hound (D:5)
  An orc priest (D:5)
  Ijyb (D:5)
  An iguana (D:5)
  7 adders
  A white imp (D:6)
  2 ufetubi (D:5)
  A dart slug (D:1)
  4 orcs
  7 ball pythons
  6 bats
  13 endoplasms
  3 giant cockroaches
  8 goblins
  8 hobgoblins
  2 quokkas (D:1)
  4 frilled lizards
  3 kobolds
  2 rats
84 creatures vanquished.

Notes
Turn   | Place    | Note
-------+----------+-------------------------------------------
     0 | D:1      | Kurtz the Octopode Fighter began the quest for the Orb.
     0 | D:1      | Reached XP level 1. HP: 16/16 MP: 1/1
   106 | D:1      | Reached XP level 2. HP: 21/21 MP: 2/2
   326 | D:1      | Reached skill level 3 in Axes
   661 | D:1      | Reached XP level 3. HP: 26/26 MP: 3/3
   917 | D:2      | Reached skill level 4 in Axes
  1140 | D:2      | Reached XP level 4. HP: 16/31 MP: 4/4
  1685 | D:3      | Found a shimmering altar of Xom.
  1765 | D:3      | Found a blossoming altar of Fedhas.
  2567 | D:4      | Reached skill level 5 in Axes
  2639 | D:4      | Reached XP level 5. HP: 36/36 MP: 5/5
  2874 | D:4      | Noticed Sigmund
  2880 | D:4      | Killed Sigmund
  2881 | D:4      | Reached skill level 6 in Axes
  2881 | D:4      | Reached XP level 6. HP: 42/42 MP: 6/6
  3445 | D:5      | Entered Level 5 of the Dungeon
  3615 | D:5      | Reached skill level 7 in Axes
  3855 | D:5      | Noticed Ijyb
  3866 | D:5      | Killed Ijyb
  3867 | D:5      | Reached XP level 7. HP: 21/46 MP: 7/7
  4017 | D:5      | Found Luimac's Antique Weapon Shoppe.
  4620 | D:5      | Reached skill level 8 in Axes
  5062 | D:5      | Reached XP level 8. HP: 51/53 MP: 8/8
  5390 | D:6      | Slain by an ice beast

Illustrated notes

Levels and vault maps discovered:
D:1:      roderic_chinese_lattice_arrival, layout_basic
D:2:      layout_basic, minmay_misc_feat_tiny
D:3:      layout_loops_ring, xom_teletrap_fun, mainiacjoe_overflow_paths
D:4:      layout_loops_corners, kennysheep_minor_cross, uniq_sigmund
D:5:      layout_loops_ring, serial_shops, shop, kennysheep_generic_room_11,
          uniq_ijyb
D:6:      kennysheep_kobold_camp, layout_rooms, water_boxes_lemuel

Skill      XL: |  1  2  3  4  5  6  7  8 |
---------------+-------------------------+-----
Axes           | 3 4 5 6 7 8 |  8.6
Dodging        | 4 |  4.2
Fighting       | |  3.9
Shields        | |  3.0

Action                     |  1- 3 |  4- 6 |  7- 9 || total
---------------------------+-------+-------+-------++-------
  Melee: War axe           |    55 |    89 |    67 ||   211
         Tentacles         |     6 |    13 |    18 ||    37
         Constrict         |    11 |    17 |    10 ||    38
  Evoke: Wand              |       |     4 |       ||     4
    Use: Potion            |       |     2 |       ||     2
   Stab: Sleeping          |     9 |    13 |     2 ||    24
         Distracted        |       |       |     1 ||     1
 Armour: Skin              |    16 |    54 |    37 ||   107
  Dodge: Dodged            |    24 |    66 |    50 ||   140
  Block: Buckler           |     7 |    24 |    13 ||    44

Table legend: (Time is in decaauts)
 A = Elapsed time spent in this place.
 B = Non-inter-level travel time spent in this place.
 C = Inter-level travel time spent in this place.
 D = Time resting spent in this place.
 E = Time spent auto-exploring this place.
 F = Levels seen in this place.
 G = Mean time per level.
                   A        B        C        D        E       F      G
               +--------+--------+--------+--------+--------+-----+--------+
         Total |   5443 |   5184 |    259 |   1154 |   3322 |   6 |  907.2 |
       Dungeon |   5443 |   5184 |    259 |   1154 |   3322 |   6 |  907.2 |
               +--------+--------+--------+--------+--------+-----+--------+

Top non-repeatable levels by time:
     D:5: 1650 daAuts
     D:4: 1073 daAuts
     D:2: 954 daAuts
     D:3: 820 daAuts
     D:1: 745 daAuts
     D:6: 199 daAuts
